[Event "Titled Tuesday Blitz May 9 Late 2023"]
[White "Villuendas Valero, Adrian"]
[Black "Abdi, Farzad"]
[WhiteFideId "2262460"]
[BlackFideId "2076829"]
[WhiteElo "2328"]
[BlackElo "2270"]
[Result "1-0"]
[Round "09"]
[TimeControl "180+2"]
[Date "2023.05.09"]
[WhiteClock "0:00:44"]
[BlackClock "0:00:00"]

1. d4 Nf6 2. Bg5 Ne4 3. Bf4 d5 4. e3 Bf5 5. f3 Nd6 6. g4 Bg6 7. Nc3 e6 8. h4 h5 9. g5 Nd7 10. Bd3 Bxd3 11. Qxd3 c5 12. g6 f5 13. Bg3 Be7 14. Nge2 Qb6 15. Nf4 Nc4 16. b3 Nb2 17. Qb5 cxd4 18. Qxb6 axb6 19. exd4 Bb4 20. Ne2 Rc8 21. Kd2 e5 22. a3 Ba5 23. b4 Nc4+ 24. Kc1 f4 25. Bf2 exd4 26. Bxd4 O-O 27. bxa5 1-0


[Site "https://www.chess.com"]

[Event "Titled Tuesday Blitz May 9 Late 2023"]
[White "Lacey, Patrick"]
[Black "Boder, Jan"]
[WhiteFideId "2032007"]
[BlackFideId "16243226"]
[WhiteElo "2448"]
[BlackElo "2241"]
[Result "0-1"]
[Round "09"]
[TimeControl "180+2"]
[Date "2023.05.09"]
[WhiteClock "0:00:10"]
[BlackClock "0:00:03"]

1. d4 Nf6 2. c4 e6 3. g3 d5 4. Nf3 Be7 5. Bg2 O-O 6. O-O c6 7. Qc2 Nbd7 8. Rd1 b5 9. c5 b4 10. Bf4 a5 11. Nbd2 Ba6 12. e4 Nxe4 13. Nxe4 dxe4 14. Qxe4 Rc8 15. Ne5 Bb5 16. Qe1 Nf6 17. a4 bxa3 18. bxa3 a4 19. Bg5 Nd5 20. Bd2 Bf6 21. Rab1 Qc7 22. f4 Rb8 23. Be4 Rfd8 24. Ba5 Qe7 25. Rxb5 cxb5 26. Nc6 Qd7 27. Bxd8 Qxc6 28. Bxf6 gxf6 29. Rb1 f5 30. Bf3 b4 31. axb4 a3 32. Qe5 Ra8 33. Bxd5 exd5 34. Qxf5 a2 35. Ra1 Qa4 36. Qd3 Qxb4 37. Qd1 Qb2 38. c6 Ra3 39. c7 Rc3 40. Qe1 Rxc7 41. Rd1 Rc8 42. Qa5 Qb3 43. Qe1 Qc4 44. Ra1 Qb3 45. Qd1 Rc2 46. Qg4+ Kf8 47. Re1 Qc4 48. Qf5 Qxd4+ 49. Kh1 Qe4+ 50. Qxe4 dxe4 51. Kg1 Rb2 52. Kf1 Rb1 0-1


[Site "https://www.chess.com"]

[Event "Titled Tuesday Blitz May 9 Late 2023"]
[White "Mirzoev, Azer"]
[Black "Bashkansky, Ethan"]
[WhiteFideId "13400304"]
[BlackFideId "2071533"]
[WhiteElo "2525"]
[BlackElo "2342"]
[Result "1-0"]
[Round "09"]
[TimeControl "180+2"]
[Date "2023.05.09"]
[WhiteClock "0:00:12"]
[BlackClock "0:00:09"]

1. e4 c6 2. Nc3 d5 3. Nf3 dxe4 4. Nxe4 Bg4 5. h3 Bxf3 6. Qxf3 Nd7 7. d4 e6 8. Be3 Ngf6 9. Nd2 Bd6 10. O-O-O Qa5 11. Kb1 Qh5 12. g4 Qd5 13. Bg2 Qxf3 14. Bxf3 h5 15. Nc4 Bc7 16. g5 Nd5 17. Bc1 g6 18. Ne3 O-O 19. c4 Ne7 20. d5 cxd5 21. cxd5 exd5 22. Nxd5 Nxd5 23. Bxd5 Rab8 24. Bxb7 Nc5 25. Bd5 Be5 26. Rhe1 Rfe8 27. f4 Bc7 28. f5 gxf5 29. g6 Ne6 30. Bc4 Rbd8 31. Rxd8 Bxd8 32. Re5 Bc7 33. gxf7+ Kxf7 34. Rxf5+ Kg6 35. Bd3 Rd8 36. Rd5+ Kf6 37. Rf5+ Ke7 38. Bc4 Rd1 39. Kc2 Rh1 40. Rxh5 Nf4 41. Bxf4 Bxf4 42. Rh7+ Kd6 43. b4 Be5 44. Kb3 Rh2 45. a3 a5 46. bxa5 Kc5 47. Rh5 Kd4 48. Bb5 Bc7 49. a6 Rg2 50. a7 Rg8 51. Rh7 Bb6 52. Bc6 Rg3+ 53. Ka4 Bc5 54. a8=Q Rxa3+ 55. Kb5 Rb3+ 56. Ka6 Ra3+ 57. Kb7 Rxa8 58. Kxa8 Ke5 59. Bb7 Be3 60. Bc6 Kf6 61. Kb7 Kg6 62. Rd7 Kg5 63. Rd3 Bf4 64. Rd1 Kh4 65. Rh1 Bg3 66. Bd5 Bf4 67. Kc6 Be5 68. Kb5 Bf4 69. Kc4 Be5 70. Kd3 Bf4 71. Ke2 Bd6 72. Kf3 Bc7 73. Be6 Bd6 74. Bd7 Bc7 75. Bg4 Bd6 76. Rb1 Kg5 77. Rb7 Kg6 78. Rb6 Kg5 79. Rxd6 Kh4 80. Rh6+ Kg5 81. Rh5+ Kg6 82. Rd5 Kg7 83. h4 Kg6 84. h5+ Kh6 85. Kg3 Kg7 86. Kh4 Kh6 87. Rb5 Kh7 88. Rb6 Kg7 89. Bf5 Kf7 90. Kg4 Kg7 91. Kg5 Kh8 92. h6 Kg8 93. Bg6 Kf8 94. Kf6 Kg8 95. Rb8# 1-0


[Site "https://www.chess.com"]

[Event "Titled Tuesday Blitz May 9 Late 2023"]
[White "Dragomirescu, Robin-Alexandru"]
[Black "Fathy, Elameir"]
[WhiteFideId "1213849"]
[BlackFideId "10600396"]
[WhiteElo "2356"]
[BlackElo "2311"]
[Result "0-1"]
[Round "09"]
[TimeControl "180+2"]
[Date "2023.05.09"]
[WhiteClock "0:02:07"]
[BlackClock "0:00:50"]

1. b3 d5 2. Bb2 Bf5 3. e3 e6 4. Nf3 h6 5. c4 c6 6. Nc3 Nf6 7. d4 Be7 8. Bd3 O-O 9. Bxf5 exf5 10. Ne5 Nbd7 11. O-O Bd6 12. Nxd7 Qxd7 13. cxd5 Nxd5 14. Nxd5 cxd5 15. Qf3 Qe6 16. Rac1 Rac8 17. g3 Qe4 18. Qxe4 fxe4 19. Rxc8 Rxc8 20. Rc1 Rxc1+ 21. Bxc1 Kf8 22. f3 f5 23. g4 exf3 24. gxf5 Kf7 25. h3 Bg3 26. Ba3 Kf6 27. Bf8 h5 28. Kf1 Kxf5 29. Bxg7 Kg5 30. Be5 Kh4 31. Bxg3+ Kxg3 32. e4 dxe4 33. d5 e3 34. d6 e2+ 35. Ke1 f2+ 36. Kxe2 Kg2 37. d7 f1=Q+ 0-1


[Site "https://www.chess.com"]

[Event "Titled Tuesday Blitz May 9 Late 2023"]
[White "Ardila, Oscar Humberto"]
[Black "Golubev, Mikhail"]
[WhiteFideId "4404742"]
[BlackFideId "14100983"]
[WhiteElo "1918"]
[BlackElo "2374"]
[Result "0-1"]
[Round "09"]
[TimeControl "180+2"]
[Date "2023.05.09"]
[WhiteClock "0:00:05"]
[BlackClock "0:00:11"]

1. d4 Nf6 2. c4 g6 3. Nc3 Bg7 4. Nf3 O-O 5. e3 d6 6. Be2 Nbd7 7. O-O e5 8. Qc2 Re8 9. Rd1 c6 10. b3 e4 11. Nd2 Qe7 12. Bb2 Nf8 13. d5 c5 14. a3 h5 15. b4 b6 16. Nf1 N8h7 17. Nb5 h4 18. h3 Ng5 19. Nh2 Bf5 20. Ng4 Nxg4 21. Bxg7 Nf3+ 22. Bxf3 exf3 23. Qc3 Qg5 24. Bh8 Ne5 25. Kf1 fxg2+ 26. Ke2 Qh5+ 27. Kd2 Qxh8 28. f4 Nf3+ 29. Ke2 Qxc3 30. Nxc3 g1=Q 31. Rxg1 Nxg1+ 32. Rxg1 cxb4 33. axb4 Rac8 34. Kf3 Rxc4 35. Nb5 Be4+ 36. Kg4 Rd8 37. Kxh4 Kg7 38. Rd1 Rc2 39. Rg1 Bxd5 40. Nd4 Rc3 41. Re1 Kf6 42. Kg3 Rh8 43. h4 Be4 44. b5 Rhc8 45. Kg4 R8c4 46. h5 Rxd4 47. exd4 Bf5+ 48. Kh4 Rh3# 0-1


[Site "https://www.chess.com"]

[Event "Titled Tuesday Blitz May 9 Late 2023"]
[White "Chirivi C, Jenny Astrid"]
[Black "Bambino Filho, Antonio Carlos"]
[WhiteFideId "4403061"]
[BlackFideId "2113163"]
[WhiteElo "2019"]
[BlackElo "2473"]
[Result "1-0"]
[Round "09"]
[TimeControl "180+2"]
[Date "2023.05.09"]
[WhiteClock "0:00:11"]
[BlackClock "0:00:00"]

1. d4 Nf6 2. c4 c5 3. d5 e6 4. Nc3 exd5 5. cxd5 d6 6. e4 g6 7. Bd3 Bg7 8. Nge2 O-O 9. O-O a6 10. a4 Qc7 11. Ng3 Nbd7 12. f4 Rb8 13. h3 c4 14. Bc2 b5 15. axb5 axb5 16. e5 dxe5 17. f5 Nc5 18. Bg5 b4 19. d6 Qc6 20. fxg6 fxg6 21. Bxf6 bxc3 22. Bxg7 Kxg7 23. bxc3 Rxf1+ 24. Qxf1 Be6 25. Ra7+ Rb7 26. Rxb7+ Qxb7 27. Qe2 Qd5 28. Ne4 Nxe4 29. Bxe4 Qxd6 30. Qe3 Bf7 31. Bf3 Qf6 32. Qe4 Qf4 33. Qe1 Be6 34. Be4 Bf5 35. Bd5 e4 36. Bxc4 e3 37. Be2 Be4 38. c4 Qg5 39. g3 Qf5 40. Bg4 Qc5 41. Qc3+ Kh6 42. Be2 Qf5 43. Qxe3+ Kg7 44. Qd4+ Kh6 45. c5 Bc6 46. Qf4+ Qxf4 47. gxf4 Kg7 48. Kf2 Kf6 49. Ke3 Ke6 50. Bc4+ Kf5 51. Be2 h5 52. Bf1 g5 53. fxg5 Kxg5 54. Kd4 Kh4 55. Ke5 Kg3 56. Kd6 Be4 57. Be2 h4 58. Bg4 Kf4 59. Be6 Bb7 60. c6 Ba6 61. c7 Kg3 62. Ke7 Bb7 63. c8=Q Bxc8 64. Bxc8 Kf4 65. Kf6 Ke4 66. Be6 Kf4 67. Bf5 Kf3 68. Kg5 Kg3 69. Bg4 1-0


[Site "https://www.chess.com"]

[Event "Titled Tuesday Blitz May 9 Late 2023"]
[White "Celestino, Rafael Teixeira"]
[Black "Pein, Jonathan"]
[WhiteFideId "2108925"]
[BlackFideId "417092"]
[WhiteElo "2312"]
[BlackElo "2151"]
[Result "0-1"]
[Round "09"]
[TimeControl "180+2"]
[Date "2023.05.09"]
[WhiteClock "0:00:00"]
[BlackClock "0:00:24"]

1. e4 d5 2. exd5 Qxd5 3. Nc3 Qd8 4. Bc4 g6 5. Nf3 Bg7 6. Qe2 Nh6 7. d3 O-O 8. Bd2 Nc6 9. h4 Bg4 10. Qe4 Na5 11. Bxh6 Bxf3 12. Qxf3 Bxh6 13. h5 Nxc4 14. hxg6 fxg6 15. Qh3 Qd4 16. Ne4 Qxb2 17. Rd1 Qxc2 18. Qxh6 Rf7 19. Qh4 Ne5 20. Rh3 Raf8 21. f3 Qxg2 22. Ng5 h5 0-1


[Site "https://www.chess.com"]

[Event "Titled Tuesday Blitz May 9 Late 2023"]
[White "D`Arruda, Ricardo D."]
[Black "Georg, Heinz"]
[WhiteFideId "100692"]
[BlackFideId "4607295"]
[WhiteElo "2411"]
[BlackElo "2307"]
[Result "1-0"]
[Round "09"]
[TimeControl "180+2"]
[Date "2023.05.09"]
[WhiteClock "0:00:55"]
[BlackClock "0:00:23"]

1. e4 c5 2. Nf3 Nc6 3. d4 cxd4 4. Nxd4 Nf6 5. Nc3 d6 6. Be2 e6 7. Be3 Be7 8. O-O a6 9. f4 O-O 10. Qd2 Nxd4 11. Bxd4 b5 12. Bf3 Rb8 13. a3 Bb7 14. Rad1 Qc7 15. Qe3 e5 16. Ba7 Rbc8 17. f5 Qc4 18. Kh1 Rfd8 19. Rd3 d5 20. b3 d4 21. bxc4 dxe3 22. Rxd8+ Bxd8 23. Nd5 Rxc4 24. Nxe3 Rc3 25. Rd1 Be7 26. Nd5 Kf8 27. Nxc3 1-0


[Site "https://www.chess.com"]

[Event "Titled Tuesday Blitz May 9 Late 2023"]
[White "ElenGajger"]
[Black "Kostiukov, Alexandr"]
[BlackFideId "14108100"]
[WhiteElo "2403"]
[BlackElo "2202"]
[Result "1-0"]
[Round "09"]
[TimeControl "180+2"]
[Date "2023.05.09"]
[WhiteClock "0:01:15"]
[BlackClock "0:00:00"]

1. e4 c5 2. Nc3 g6 3. d4 cxd4 4. Qxd4 Nf6 5. Bb5 a6 6. Qa4 Nc6 7. Nf3 d6 8. Bxc6+ bxc6 9. Qxc6+ Bd7 10. Qc4 Bg7 11. e5 dxe5 12. Nxe5 O-O 13. Nxd7 Qxd7 14. O-O Rfb8 15. Re1 e6 16. h3 Rc8 17. Qe2 Rab8 18. Qxa6 Nd5 19. Nxd5 exd5 20. c3 d4 21. cxd4 Bxd4 22. Be3 Bxb2 23. Rad1 Qf5 24. a4 Ra8 25. Qb5 Qf6 26. Bg5 Qa6 27. Qxb2 1-0


[Site "https://www.chess.com"]

[Event "Titled Tuesday Blitz May 9 Late 2023"]
[White "Vaglio Munoz, Jaime"]
[Black "K2JW"]
[WhiteFideId "6500145"]
[WhiteElo "2199"]
[BlackElo "2389"]
[Result "1/2-1/2"]
[Round "09"]
[TimeControl "180+2"]
[Date "2023.05.09"]
[WhiteClock "0:00:19"]
[BlackClock "0:00:16"]

1. e4 c5 2. a3 Nc6 3. b4 cxb4 4. axb4 Nxb4 5. c3 Nc6 6. d4 d5 7. exd5 Qxd5 8. Na3 Bf5 9. Nf3 e6 10. Nb5 Rc8 11. Bf4 Qd7 12. Nxa7 Nxa7 13. Rxa7 Ne7 14. Ne5 Qd5 15. f3 Ng6 16. Qa4+ Kd8 17. Bc4 Rxc4 18. Ra8+ Rc8 19. c4 Qxd4 20. Qa5+ b6 21. Rxc8+ Kxc8 22. Qa8+ Kc7 23. Qa7+ Kc8 24. Qa8+ Kc7 25. Qa7+ Kc8 26. Qa8+ 1/2-1/2


[Site "https://www.chess.com"]

[Event "Titled Tuesday Blitz May 9 Late 2023"]
[White "Cooklev, Steven"]
[Black "Kujawski, Adam"]
[WhiteFideId "2050552"]
[BlackFideId "1100920"]
[WhiteElo "2288"]
[BlackElo "2054"]
[Result "0-1"]
[Round "09"]
[TimeControl "180+2"]
[Date "2023.05.09"]
[WhiteClock "0:00:20"]
[BlackClock "0:00:54"]

1. e4 e5 2. Bc4 Nf6 3. d3 d5 4. exd5 Nxd5 5. Nf3 Nc6 6. O-O Nb6 7. Bb3 Bg4 8. h3 Bh5 9. Re1 Qe7 10. a4 a5 11. Bf4 f6 12. Bc1 O-O-O 13. c3 Kb8 14. Qe2 g5 15. Nbd2 g4 16. Nh2 Bg6 17. Nxg4 h5 18. Ne3 Bxd3 19. Qf3 Bh6 20. Nf5 Bxf5 21. Qxf5 Bxd2 22. Re2 Bxc1 23. Rxc1 Qg7 24. Re3 h4 25. Re4 Qg5 26. Qxg5 fxg5 27. Rce1 Rhf8 28. Rg4 Rd2 0-1


[Site "https://www.chess.com"]

[Event "Titled Tuesday Blitz May 9 Late 2023"]
[White "Romero Ruscalleda, Josep"]
[Black "Arnold, Ken"]
[WhiteFideId "2231859"]
[BlackFideId "2056836"]
[WhiteElo "2183"]
[BlackElo "2380"]
[Result "0-1"]
[Round "09"]
[TimeControl "180+2"]
[Date "2023.05.09"]
[WhiteClock "0:00:02"]
[BlackClock "0:00:18"]

1. e4 c6 2. Nc3 d5 3. Nf3 dxe4 4. Nxe4 Nd7 5. Qe2 e6 6. d4 Ngf6 7. Bf4 Nxe4 8. Qxe4 Nf6 9. Qd3 Bd6 10. Ne5 Qc7 11. Be2 Bd7 12. O-O-O a5 13. Kb1 Nd5 14. Bg3 Nb4 15. Qf3 O-O 16. a3 Na6 17. Bd3 f6 18. Qh5 f5 19. Rhe1 Rae8 20. Nxd7 Qxd7 21. Bxd6 Qxd6 22. g4 g6 23. Qh6 Nc7 24. gxf5 exf5 25. Rxe8 Nxe8 26. Bc4+ Kh8 27. Re1 Ng7 28. c3 b5 29. Bb3 b4 30. axb4 axb4 31. Re3 bxc3 32. bxc3 Rb8 33. Kc2 Qa3 34. c4 Qf8 35. Rf3 Rd8 36. Qe3 Re8 37. Qc3 Re2+ 38. Kd1 Re4 39. d5 c5 40. Re3 Rd4+ 41. Ke2 h5 42. Qa5 Kh7 43. Qc7 Qf6 44. Re6 Re4+ 45. Rxe4 fxe4 46. Qg3 Nf5 47. Qh3 Nd4+ 48. Kf1 Qf4 49. Bd1 Kh6 50. Qe3 Qxe3 51. fxe3 Nf5 52. Kf2 Nd6 53. Be2 Kg5 54. Kg3 h4+ 55. Kh3 Nf5 56. Bd1 Nxe3 57. Bb3 Nf5 58. Bc2 Nd6 59. Bb3 e3 60. Kg2 Kf4 61. Kf1 g5 62. h3 g4 63. hxg4 Kxg4 64. Bd1+ Kf4 65. Be2 Ke4 66. Kg2 Nf5 67. Kh3 Ke5 68. Kg4 Nd4 69. Bd3 e2 70. Bxe2 Nxe2 71. Kxh4 Nc3 72. Kg3 Nxd5 73. cxd5 Kxd5 74. Kf4 Kc4 75. Ke3 Kb3 76. Kd2 c4 77. Kc1 Kc3 78. Kb1 Kd2 79. Kb2 c3+ 80. Kb3 c2 81. Kb4 c1=Q 82. Kb5 Qc8 0-1


[Site "https://www.chess.com"]

[Event "Titled Tuesday Blitz May 9 Late 2023"]
[White "Rodriguez Santiago, Jaime"]
[Black "micke12a"]
[WhiteFideId "3100898"]
[WhiteElo "2025"]
[BlackElo "2363"]
[Result "0-1"]
[Round "09"]
[TimeControl "180+2"]
[Date "2023.05.09"]
[WhiteClock "0:00:32"]
[BlackClock "0:00:06"]

1. c4 Nf6 2. Nc3 g6 3. g3 Bg7 4. Bg2 O-O 5. e4 c5 6. Nge2 d6 7. d3 Nc6 8. O-O Rb8 9. a4 a6 10. h3 Re8 11. Be3 Nd7 12. Rb1 Nd4 13. b4 cxb4 14. Rxb4 Nxe2+ 15. Nxe2 Qa5 16. Rb1 b5 17. axb5 axb5 18. Nd4 bxc4 19. dxc4 Bb7 20. Rb5 Qc7 21. Qb3 Ba6 22. Rxb8 Rxb8 23. Qa4 Qxc4 24. Qxc4 Bxc4 25. Rc1 Rc8 26. Bf1 Nb6 27. Nf3 Bxf1 28. Rxc8+ Nxc8 29. Kxf1 e6 30. Ke2 Ne7 31. Nd2 d5 32. Bc5 Nc6 33. exd5 exd5 34. Nb3 f5 35. Kd3 Kf7 36. Be3 Ke6 37. Bf4 Ne5+ 38. Kc3 Ng4+ 39. Kd2 Nxf2 40. h4 Ne4+ 41. Ke3 Bb2 42. Kd3 Be5 43. Ke3 Bb2 44. Kd3 Nf6 45. Nc5+ Kf7 46. Ke3 Nh5 47. Bb8 Bc1+ 48. Kf3 Ba3 49. Nd3 Ke6 50. Ba7 Bd6 51. Bf2 Nf6 52. Nc5+ Bxc5 53. Bxc5 Ne4 54. Bd4 h6 55. Kf4 g5+ 56. hxg5 hxg5+ 57. Kf3 Nd2+ 58. Ke2 Nb3 59. Bb6 Ke5 60. Kf3 g4+ 61. Ke3 d4+ 62. Kd3 Nc1+ 63. Kd2 Na2 64. Bc7+ Ke4 65. Bf4 Nc3 66. Bb8 Nd5 67. Ke2 d3+ 68. Kd2 Ne3 69. Kc3 Nf1 70. Bf4 d2 71. Kc2 Kf3 72. Kd1 Nxg3 73. Bxd2 Ne4 74. Bh6 g3 75. Bg7 g2 76. Bd4 Nf2+ 77. Bxf2 Kxf2 0-1


[Site "https://www.chess.com"]

[Event "Titled Tuesday Blitz May 9 Late 2023"]
[White "Benaddi, Mouhcine"]
[Black "Skaric, Djuro"]
[WhiteFideId "9001050"]
[BlackFideId "934569"]
[WhiteElo "2036"]
[BlackElo "2282"]
[Result "1/2-1/2"]
[Round "09"]
[TimeControl "180+2"]
[Date "2023.05.09"]
[WhiteClock "0:00:22"]
[BlackClock "0:00:35"]

1. Nf3 d6 2. g3 g6 3. Bg2 Bg7 4. O-O Nf6 5. d4 O-O 6. c4 Nc6 7. Nc3 e5 8. d5 Ne7 9. e4 h6 10. Ne1 Ne8 11. Nd3 f5 12. f4 fxe4 13. Nxe4 Nf5 14. fxe5 dxe5 15. Qe1 Ned6 16. c5 Nf7 17. Be3 Kh8 18. Nc3 a6 19. Rd1 Nxe3 20. Qxe3 Qg5 21. Qe1 Bd7 22. Ne4 Qe7 23. Qe3 Rad8 24. Rf2 Bb5 25. Nc3 Bd7 26. Rdf1 Qg5 27. Qxg5 Nxg5 28. Rxf8+ Rxf8 29. Rxf8+ Bxf8 30. Nxe5 Bxc5+ 31. Kf1 Bf5 32. g4 Bc2 33. h4 Nh7 34. Ne4 Bd4 35. Nxg6+ Kg7 36. Nf4 Bxb2 37. Ne6+ Kf7 38. Nxc7 Be5 39. Ne6 Nf6 40. Nxf6 Kxf6 41. g5+ hxg5 42. hxg5+ Ke7 43. Ke2 Kd6 44. Ke3 Bb1 45. a4 Bc2 46. a5 Bc3 47. Be4 Bb3 48. g6 Bxd5 49. Bxd5 Kxd5 50. g7 Bxg7 51. Nxg7 Kc5 52. Ne6+ Kb5 53. Nd8 Kxa5 54. Nxb7+ Kb6 55. Kd4 Kxb7 56. Kc5 Kc7 57. Kb4 1/2-1/2


[Site "https://www.chess.com"]

[Event "Titled Tuesday Blitz May 9 Late 2023"]
[White "Butti, Enrique"]
[Black "Bryant, Todd"]
[WhiteFideId "3700470"]
[BlackFideId "2031299"]
[WhiteElo "2080"]
[BlackElo "2359"]
[Result "0-1"]
[Round "09"]
[TimeControl "180+2"]
[Date "2023.05.09"]
[WhiteClock "0:00:57"]
[BlackClock "0:01:23"]

1. d4 Nf6 2. Nf3 g6 3. c4 Bg7 4. Nc3 O-O 5. e4 d6 6. Be2 e5 7. d5 a5 8. Bg5 h6 9. Bh4 Na6 10. Nd2 Bd7 11. O-O Nc5 12. Qc2 Qe8 13. b3 g5 14. Bg3 Nfxe4 15. Ndxe4 Nxe4 16. Nxe4 f5 17. Nc3 f4 18. Ne4 Bf5 19. Bd3 Qg6 20. Rad1 b6 21. f3 fxg3 22. Nxg3 Bxd3 23. Rxd3 Rf4 24. Ne4 Raf8 25. g3 R4f7 26. Qe2 g4 27. Re3 h5 0-1


[Site "https://www.chess.com"]

[Event "Titled Tuesday Blitz May 9 Late 2023"]
[White "Hollan, Petr"]
[Black "Curtis, John"]
[WhiteFideId "360945"]
[BlackFideId "3200256"]
[WhiteElo "2254"]
[BlackElo "2203"]
[Result "0-1"]
[Round "09"]
[TimeControl "180+2"]
[Date "2023.05.09"]
[WhiteClock "0:00:00"]
[BlackClock "0:00:31"]

1. e4 Nf6 2. f3 e5 3. Nc3 d5 4. exd5 Nxd5 5. Qe2 Nc6 6. Qe4 Nf6 7. Qh4 Be7 8. Bb5 Bd7 9. Nge2 Nd5 10. Qe4 Nf6 11. Qe3 Nb4 12. Bd3 Nxd3+ 13. Qxd3 Bc5 14. Ne4 Bb6 15. b3 O-O 16. Bb2 Nxe4 17. Qxe4 Bc6 18. Qc4 Bd5 19. Qd3 Re8 20. O-O-O Qd6 21. Nc3 Rad8 22. Nxd5 Qxd5 23. Qxd5 Rxd5 24. Rhe1 f6 25. d3 Kf7 26. Re2 Red8 27. Rde1 Bd4 28. Bxd4 Rxd4 29. Re4 c5 30. Kd2 b5 31. Rxd4 cxd4 32. Ra1 a5 33. a4 b4 34. Re1 Ke6 35. f4 Rf8 36. Re4 Kd5 37. Ke2 exf4 38. Kf3 g5 39. Re2 Rf7 40. Kg4 Rc7 41. Kf5 Rc6 42. Re8 Kd6 43. Re6+ Kd7 44. Re2 h5 45. Rd2 h4 46. Ke4 h3 47. Kxd4 hxg2 48. Rxg2 Ke6 49. Ke4 f5+ 50. Kf3 Kf6 51. h4 gxh4 52. Kxf4 Rc8 53. Rh2 Rh8 54. Rh3 Ke6 55. d4 Kd5 56. Kxf5 Kxd4 57. Kg5 Rh7 58. Kg4 Rg7+ 59. Kf5 Rg2 60. Rxh4+ Kc3 61. Rc4+ Kb2 62. Rc5 Rxc2 63. Rxa5 Kxb3 64. Ke4 Ra2 65. Kd3 Rxa4 66. Rh5 Ra2 67. Rh1 Rg2 68. Rb1+ Ka3 69. Ra1+ Kb2 70. Rf1 b3 71. Rf3 Ka2 72. Rf8 Rg3+ 73. Kd2 b2 74. Rf2 b1=Q 0-1


[Site "https://www.chess.com"]

[Event "Titled Tuesday Blitz May 9 Late 2023"]
[White "Torres Dominguez, David"]
[Black "Gerbelli Neto, Eduardo"]
[WhiteFideId "2220857"]
[BlackFideId "2103281"]
[WhiteElo "1999"]
[BlackElo "2178"]
[Result "0-1"]
[Round "09"]
[TimeControl "180+2"]
[Date "2023.05.09"]
[WhiteClock "0:00:00"]
[BlackClock "0:00:14"]

1. e4 e5 2. Bc4 Nf6 3. Nc3 Nxe4 4. Qh5 Nd6 5. Qxe5+ Qe7 6. Qxe7+ Bxe7 7. Be2 Nc6 8. Nd5 Bd8 9. Nf3 O-O 10. d4 Nf5 11. c3 Re8 12. g4 Nfe7 13. Nf4 Ng6 14. Nh5 d6 15. h3 Be6 16. Be3 Nce7 17. c4 d5 18. c5 Nc6 19. Kd2 f5 20. gxf5 Bxf5 21. Ng3 Bd7 22. h4 Rf8 23. h5 Nf4 24. Ne1 Nxe2 25. Nxe2 Bf6 26. Nd3 Rae8 27. b4 a6 28. a3 Bf5 29. Rag1 Bxd3 30. Kxd3 Ne7 31. Nf4 Kf7 32. Rg2 c6 33. Rhg1 Nf5 34. Kd2 Nxd4 35. Nd3 Nf3+ 36. Kc2 Nxg1 37. Rxg1 d4 38. Bf4 Re2+ 39. Kd1 Rfe8 40. Bd6 Ra2 41. Rg4 Rxa3 42. Nf4 Ra1+ 43. Kd2 Ree1 44. Kd3 Rad1+ 45. Kc2 Ra1 46. Kb2 Ra4 47. Kb3 Raa1 48. Kc4 Rec1+ 49. Kd3 Rc3+ 50. Kd2 Ra2+ 51. Kd1 d3 0-1


[Site "https://www.chess.com"]

[Event "Titled Tuesday Blitz May 9 Late 2023"]
[White "Joubert, Dantelle"]
[Black "Chabris, Christopher"]
[WhiteFideId "14310813"]
[BlackFideId "2005263"]
[WhiteElo "1507"]
[BlackElo "2344"]
[Result "0-1"]
[Round "09"]
[TimeControl "180+2"]
[Date "2023.05.09"]
[WhiteClock "0:00:00"]
[BlackClock "0:00:20"]

1. d4 Nf6 2. c4 e6 3. Nc3 Bb4 4. e3 O-O 5. Ne2 d5 6. a3 Be7 7. Nf4 b6 8. Bd3 Ba6 9. Qe2 dxc4 10. Bxc4 Bxc4 11. Qxc4 c5 12. dxc5 Bxc5 13. O-O Nc6 14. b4 Ne5 15. Qb5 a6 16. Qe2 Be7 17. Bb2 Rc8 18. Qxa6 Nc4 19. Rad1 Qc7 20. Bc1 Qe5 21. Rd4 Nd6 22. Nce2 Nf5 23. Rc4 Rcd8 24. Qxb6 g5 25. Nh3 Ng4 26. g3 Ngxe3 27. Bxe3 h6 28. Rfc1 Rd3 0-1


[Site "https://www.chess.com"]

[Event "Titled Tuesday Blitz May 9 Late 2023"]
[White "merinasian"]
[Black "Smith, Garrett L"]
[BlackFideId "2024829"]
[WhiteElo "2409"]
[BlackElo "2231"]
[Result "1-0"]
[Round "09"]
[TimeControl "180+2"]
[Date "2023.05.09"]
[WhiteClock "0:00:43"]
[BlackClock "0:00:31"]

1. d4 Nf6 2. Nf3 g6 3. g3 Bg7 4. Bg2 c6 5. O-O d5 6. b3 a5 7. c4 a4 8. Bb2 Bf5 9. bxa4 Qa5 10. Nc3 Ne4 11. Qb3 Nxc3 12. Bxc3 Qxa4 13. Qxb7 dxc4 14. Ne5 Bxe5 15. dxe5 O-O 16. Qxe7 Nd7 17. Qd6 Rfc8 18. e6 Bxe6 19. Qd4 f6 20. f4 Qa7 21. a4 Nc5 22. Kh1 Nd7 23. Qd6 Kf7 24. e4 Qc7 25. Qd4 c5 26. Qd1 Nb6 27. f5 Bd7 28. e5 Bc6 29. fxg6+ hxg6 30. Rxf6+ Kg7 31. Rxc6 1-0


[Site "https://www.chess.com"]

[Event "Titled Tuesday Blitz May 9 Late 2023"]
[White "Chemin, Justo Reinaldo"]
[Black "Gatterer, Florian"]
[WhiteFideId "2101580"]
[BlackFideId "811688"]
[WhiteElo "1940"]
[BlackElo "2221"]
[Result "0-1"]
[Round "09"]
[TimeControl "180+2"]
[Date "2023.05.09"]
[WhiteClock "0:00:03"]
[BlackClock "0:00:32"]

1. d4 d6 2. c4 e5 3. Nf3 e4 4. Ng5 f5 5. Nc3 Be7 6. Nh3 Nf6 7. e3 O-O 8. Be2 Be6 9. Nf4 Bf7 10. h4 c6 11. h5 d5 12. Qb3 Nbd7 13. cxd5 cxd5 14. Qxb7 Nb6 15. Qa6 Qc7 16. Qa5 Rfc8 17. Bd2 Nc4 18. Bxc4 Qxa5 19. Bb3 Bb4 20. Rc1 Bxc3 21. Bxc3 Rxc3 22. Rxc3 Rc8 23. Kd2 Rxc3 24. bxc3 g5 25. hxg6 hxg6 26. Rb1 Kg7 27. f3 g5 28. Ne2 Bh5 29. Rf1 Qa6 30. Bc2 Qxa2 31. Ng3 Bg6 32. Rb1 f4 33. Rb7+ Kh6 34. Nf1 exf3 0-1


[Site "https://www.chess.com"]

[Event "Titled Tuesday Blitz May 9 Late 2023"]
[White "Brueckner, Thomas"]
[Black "Escalante Ramirez, Rafael"]
[WhiteFideId "4600452"]
[BlackFideId "3900177"]
[WhiteElo "2322"]
[BlackElo "2198"]
[Result "1-0"]
[Round "09"]
[TimeControl "180+2"]
[Date "2023.05.09"]
[WhiteClock "0:01:30"]
[BlackClock "0:00:58"]

1. Nf3 Nf6 2. g3 b6 3. Bg2 Bb7 4. O-O c5 5. c4 e6 6. b3 Be7 7. Bb2 O-O 8. Nc3 d5 9. cxd5 Nxd5 10. d4 Nxc3 11. Bxc3 Na6 12. Rc1 Rc8 13. Qd2 cxd4 14. Bxd4 Nc5 15. Qb2 Bf6 16. Rfd1 Bxd4 17. Nxd4 Bxg2 18. Nxe6 Qe7 19. Qxg7# 1-0


[Site "https://www.chess.com"]

[Event "Titled Tuesday Blitz May 9 Late 2023"]
[White "Tarnowska, Aleksandra"]
[Black "De Souza, Cristiano Gomes"]
[WhiteFideId "1180967"]
[BlackFideId "2151758"]
[WhiteElo "1776"]
[BlackElo "2068"]
[Result "0-1"]
[Round "09"]
[TimeControl "180+2"]
[Date "2023.05.09"]
[WhiteClock "0:00:00"]
[BlackClock "0:01:49"]

1. e4 c5 2. Nf3 d6 3. Bb5+ Bd7 4. Bxd7+ Qxd7 5. O-O Nc6 6. c3 Nf6 7. Re1 e5 8. d4 Be7 9. dxe5 dxe5 10. Qxd7+ Nxd7 11. Nbd2 O-O-O 12. Nc4 f6 13. Be3 Nb6 14. Nxb6+ axb6 15. Rad1 Rxd1 16. Rxd1 Rd8 17. Rxd8+ Nxd8 18. Nd2 Kc7 19. Kf1 Ne6 20. g3 b5 21. f4 b6 22. Nf3 exf4 23. gxf4 Bd6 24. f5 Nf4 25. Bxf4 Bxf4 26. h3 c4 27. Nd4 Bc1 28. b3 cxb3 29. axb3 b4 30. cxb4 Kd6 31. Ke2 Ke5 32. Kd3 Bb2 33. Ne6 g6 34. Nf8 gxf5 35. exf5 Kxf5 36. Nxh7 Kf4 37. Kc4 Kg3 38. Kb5 Kxh3 39. Kxb6 f5 40. Kc6 Kg4 41. Nf8 f4 0-1


[Site "https://www.chess.com"]